[Event "Team 45 45 League T33"]
[Site "Internet Chess Club"]
[Date "2007.05.04"]
[Round "3"]
[White "ChessAddict"]
[Black "chsrules88"]
[Result "1-0"]
[WhiteElo "2145"]
[BlackElo "2077"]
[ECO "D07"]
[TimeControl "2700+45"]

1. d4 d5 2. c4 Nc6 3. Nf3 Bg4 4. Nc3 Bxf3 5. exf3 e5 6. dxe5 d4 7. Nd5 Nge7 8.
Nxe7 Qxe7 9. f4 f6 10. Bd3 fxe5 11. O-O O-O-O 12. Re1 Qf6 13. Qh5 exf4 14. Re6
Qxe6 15. Bf5 Qxf5 16. Qxf5+ Kb8 17. Bxf4 g6 18. Qd3 Bd6 19. Bg5 Rde8 20. a3 Rhf8
21. b4 Bf4 22. Bh4 Bh6 23. Bg3 Bg7 24. b5 Ne5 25. Bxe5 Rxe5 26. Rd1 Rfe8 27. Kf1
Bf6 28. a4 R8e7 29. a5 R5e6 30. c5 c6 31. b6 a6 32. Qh3 Be5 33. Re1 g5 34. g3 d3
35. Re3 d2 36. Rd3 Ka8 37. Rxd2 Bb8 38. Rd8 h6 39. Rh8 Re5 40. Qc8 Re1+ 41. Kg2
{Black resigns} 1-0

[Event "Team 45 45 League T33"]
[Site "Internet Chess Club"]
[Date "2007.05.06"]
[Round "3"]
[White "aksuw"]
[Black "blackcatdillac"]
[Result "0-1"]
[WhiteElo "2021"]
[BlackElo "1810"]
[ECO "C19"]
[TimeControl "2700+45"]

1. e4 e6 2. d4 d5 3. Nc3 Bb4 4. e5 c5 5. a3 Bxc3+ 6. bxc3 Ne7 7. Nf3 Qa5 8. Bd2
Nbc6 9. g3 cxd4 10. cxd4 Qa4 11. c4 Qxd1+ 12. Rxd1 O-O 13. Bb4 Nxb4 14. axb4
dxc4 15. Bxc4 Bd7 16. b5 Rfc8 17. Bd3 a6 18. Be4 Nd5 19. Bxd5 exd5 20. bxa6 Rxa6
21. O-O Ra3 22. Nh4 b5 23. Rb1 Rc4 24. Rfc1 Rd3 25. Rxc4 dxc4 26. f4 c3 27. Kf2
Rxd4 28. Nf3 Rc4 29. Ke3 c2 30. Rc1 Rc3+ 31. Ke2 Bg4 {White resigns} 0-1

[Event "Team 45 45 League T33"]
[Site "Internet Chess Club"]
[Date "2007.05.02"]
[Round "3"]
[White "bahus"]
[Black "steve"]
[Result "0-1"]
[WhiteElo "1929"]
[BlackElo "1988"]
[ECO "C97"]
[TimeControl "2700+45"]

1. e4 e5 2. Nf3 Nc6 3. Bb5 a6 4. Ba4 Nf6 5. O-O Be7 6. Re1 b5 7. Bb3 d6 8. c3
O-O 9. h3 Na5 10. Bc2 c5 11. d4 Qc7 12. Nbd2 Bd7 13. Nf1 Ne8 14. Ng3 g6 15. dxe5
dxe5 16. Nxe5 Bxh3 17. Ng4 Rd8 18. Qf3 Bxg4 19. Qxg4 Nf6 20. Qf3 Nc4 21. e5 Nxe5
22. Qe3 Rfe8 23. Qxe5 Bd6 24. Qxf6 Rxe1+ 25. Kh2 Be5 26. Bf4 Bxf6 27. Bxc7 Rxa1
28. Bxd8 Bxd8 29. Ne4 Bc7+ 30. g3 f5 31. Nxc5 Bb6 32. b4 Bxc5 33. bxc5 Kf8 34.
Bb3 Rc1 35. Bd5 Rxc3 36. c6 Ke7 37. Kg2 g5 38. Bg8 Rxc6 39. Bxh7 Kf6 40. Bg8 a5
41. Kf3 a4 42. Ke3 b4 43. Kd4 g4 44. Kd3 Rc3+ 45. Kd2 Rf3 46. Ke2 b3 47. axb3
Rxb3 48. Bxb3 axb3 49. Kd2 Ke5 50. Kc3 Ke4 51. Kxb3 Kf3 {White resigns} 0-1

[Event "Team 45 45 League T33"]
[Site "Internet Chess Club"]
[Date "2007.05.05"]
[Round "3"]
[White "PaulKaspar"]
[Black "Rhand"]
[Result "1/2-1/2"]
[WhiteElo "1896"]
[BlackElo "1947"]
[ECO "B02"]
[TimeControl "2700+45"]

1. e4 Nf6 2. Nc3 d5 3. exd5 Nxd5 4. Nxd5 Qxd5 5. d3 e5 6. Nf3 Bg4 7. Be2 Nc6 8.
h3 Bh5 9. O-O O-O-O 10. Ne1 Bxe2 11. Qxe2 Bc5 12. Be3 f5 13. Bxc5 Qxc5 14. Nf3
Rhe8 15. Rfe1 e4 16. dxe4 Rxe4 17. Qf1 Qxc2 18. Rxe4 fxe4 19. Ng5 Rd2 20. b3 Nd4
21. Qc4 Ne2+ 22. Kh2 Qxc4 23. bxc4 Nc3 24. Kg3 Rxa2 25. Rxa2 Nxa2 26. Nxe4 Nb4
27. Kf3 h6 28. Ke3 Kd7 29. g4 b6 30. f4 a5 31. Nc3 Nc2+ 32. Kd3 Ne1+ 33. Ke2 Ng2
34. Kf3 Nh4+ 35. Ke4 Kd6 36. Nb5+ Kc5 37. Kd3 c6 38. Nd4 Kd6 39. f5 Ng2 40. Ne6
b5 41. Kc3 g6 42. Nd4 b4+ 43. Kb3 Nf4 44. fxg6 Nxg6 45. Nf5+ Ke5 46. Nxh6 Nf4
47. h4 Nd3 48. Nf7+ Kf4 49. h5 {Game drawn by mutual agreement} 1/2-1/2

[Event "Team 45 45 League T33"]
[Site "Internet Chess Club"]
[Date "2007.05.05"]
[Round "3"]
[White "bobhill"]
[Black "DeepHmm"]
[Result "0-1"]
[WhiteElo "2025"]
[BlackElo "2245"]
[ECO "A46"]
[TimeControl "2700+45"]

1. d4 Nf6 2. Nf3 c5 3. d5 b5 4. Bg5 Qa5+ 5. c3 Ne4 6. Bf4 d6 7. Nbd2 Nxd2 8.
Nxd2 e5 9. dxe6 Bxe6 10. Nb3 Qa4 11. e3 Nc6 12. Be2 Rd8 13. O-O Be7 14. Nd2 Qa5
15. a4 b4 16. Bb5 Rc8 17. Qf3 d5 18. c4 Qd8 19. cxd5 Bxd5 20. e4 Be6 21. Rfd1
O-O 22. Nc4 Nd4 23. Qh5 Bf6 24. Ne5 g6 25. Qh6 Bg7 26. Qg5 Qxg5 27. Bxg5 Nxb5
28. axb5 Bxe5 29. Rxa7 Ra8 30. Be7 Rxa7 31. Bxc5 Rd7 32. Ra1 Rfd8 33. g3 Rd1+
{White resigns} 0-1

[Event "Team 45 45 League T33"]
[Site "Internet Chess Club"]
[Date "2007.05.05"]
[Round "3"]
[White "achessman"]
[Black "BaroneRosso"]
[Result "1-0"]
[WhiteElo "2128"]
[BlackElo "2038"]
[ECO "B20"]
[TimeControl "2700+45"]

1. e4 c5 2. b3 d6 3. Bb2 e5 4. Bc4 Nc6 5. Ne2 g6 6. O-O Bg7 7. d3 Nge7 8. f4 O-O
9. fxe5 Nxe5 10. Nbc3 a6 11. a4 Qa5 12. Qe1 Nxc4 13. dxc4 Qc7 14. Nf4 Be6 15.
Rd1 Rad8 16. Ncd5 Nxd5 17. Bxg7 Kxg7 18. Nxd5 Bxd5 19. Rxd5 Rde8 20. Qc3+ f6 21.
Qd3 Re6 22. Rd1 Rd8 23. h4 Kf7 24. h5 Qe7 25. Rxc5 dxc5 26. Qxd8 Qxd8 27. Rxd8
Rxe4 28. hxg6+ hxg6 29. Kf2 f5 30. Rc8 b6 31. a5 bxa5 32. Rxc5 a4 33. Ra5 axb3
34. cxb3 Re6 35. Kf3 Rb6 36. Ra3 Kf6 37. Ke3 g5 38. Kd4 f4 39. c5 Re6 40. b4 Kf5
41. Kd5 g4 42. c6 Re1 43. Rc3 Rd1+ 44. Kc5 Ke6 45. c7 Kd7 46. Kb6 Kc8 47. Rc6
Rb1 48. Rc4 f3 49. gxf3 gxf3 50. Rf4 Rc1 51. Rxf3 Kd7 52. Rd3+ Ke7 53. Kb7
{Black resigns} 1-0

[Event "Team 45 45 League T33"]
[Site "Internet Chess Club"]
[Date "2007.05.06"]
[Round "3"]
[White "A-Ru"]
[Black "Andre"]
[Result "1-0"]
[WhiteElo "1962"]
[BlackElo "1863"]
[ECO "D04"]
[TimeControl "2700+45"]

1. d4 d5 2. Nf3 Nf6 3. e3 Bg4 4. c4 e6 5. Qb3 b6 6. Ne5 Qd6 7. c5 Qd8 8. Qa4+
Ke7 9. Ba6 b5 10. Qxb5 c6 11. Qb7+ Nfd7 12. Bd2 f6 13. Nxg4 Nxa6 14. Qxa6 h5 15.
Nxf6 Nxf6 16. Qxc6 Rb8 17. b3 Kf7 18. Nc3 Be7 19. O-O Rc8 20. Qa6 Qc7 21. Nb5
Qb8 22. Rfc1 Ne4 23. Be1 Rh6 24. Nxa7 Rc7 25. Nc6 Qe8 26. Ne5+ Kg8 27. f3 Ng5
28. Bg3 Rc8 29. Bf4 Bf6 30. h4 Nf7 31. Nxf7 Qxf7 32. Qxc8+ {Black resigns} 1-0

[Event "Team 45 45 League T33"]
[Site "Internet Chess Club"]
[Date "2007.05.08"]
[Round "3"]
[White "tourettes"]
[Black "Beetlejuice"]
[Result "1/2-1/2"]
[WhiteElo "1842"]
[BlackElo "1830"]
[ECO "C26"]
[TimeControl "2700+45"]

1. e4 e5 2. Nc3 Nf6 3. g3 Nc6 4. Bg2 Bb4 5. Nge2 Qe7 6. O-O d6 7. h3 Bd7 8. d3
O-O-O 9. Be3 Kb8 10. Nd5 Qe6 11. c3 Ba5 12. b4 Bb6 13. Nxb6 cxb6 14. a4 d5 15.
exd5 Nxd5 16. Bd2 h5 17. a5 b5 18. f4 f6 19. f5 Qg8 20. Nc1 Be8 21. Nb3 g6 22.
fxg6 Qxg6 23. Qf3 Nde7 24. d4 Rg8 25. dxe5 fxe5 26. Be1 Rd3 27. Qe4 Qxe4 28.
Bxe4 Rd6 29. Kh2 Kc7 30. Rf2 Nd5 31. Rd1 Nf6 32. Rxd6 Nxe4 33. Rxc6+ bxc6 34.
Re2 Bg6 35. Nc5 Nxc5 36. bxc5 e4 37. Bd2 Re8 {Game drawn by mutual agreement}
1/2-1/2

[Event "Team 45 45 League T33"]
[Site "Internet Chess Club"]
[Date "2007.05.06"]
[Round "3"]
[White "jonesey"]
[Black "Razorbackchess"]
[Result "1-0"]
[WhiteElo "1988"]
[BlackElo "1871"]
[ECO "E81"]
[TimeControl "2700+45"]

1. e4 g6 2. d4 Bg7 3. c4 d6 4. Nc3 Nf6 5. f3 O-O 6. Be3 c5 7. Nge2 Qa5 8. Qd2
Nc6 9. O-O-O cxd4 10. Nxd4 Nxd4 11. Bxd4 Be6 12. Kb1 a6 13. Nd5 Qxd2 14. Nxe7+
Kh8 15. Rxd2 Rfe8 16. Nd5 Nxd5 17. Bxg7+ Kxg7 18. cxd5 Bd7 19. Bd3 f5 20. Rc1
fxe4 21. Bxe4 Rac8 22. Rdc2 Rxc2 23. Rxc2 Rc8 24. Rxc8 Bxc8 25. Kc2 Kf6 26. f4
g5 27. fxg5+ Kxg5 28. Bxh7 Kf4 29. Kc3 Ke5 30. Bg8 Bf5 31. g3 Bh3 32. Be6 Bg2
33. h4 Bf3 34. g4 Kf4 35. g5 Bh5 36. Kb4 Kg3 37. Bf5 {Black resigns} 1-0

[Event "Team 45 45 League T33"]
[Site "Internet Chess Club"]
[Date "2007.05.08"]
[Round "3"]
[White "rubo"]
[Black "MiroslavR"]
[Result "0-1"]
[WhiteElo "1811"]
[BlackElo "1987"]
[ECO "A02"]
[TimeControl "2700+45"]

1. f4 Nf6 2. b3 g6 3. Bb2 Bg7 4. e3 O-O 5. Nf3 d6 6. Be2 e5 7. fxe5 Ng4 8. O-O
Nc6 9. Na3 Ngxe5 10. Nxe5 dxe5 11. Bb5 Ne7 12. e4 a6 13. Be2 Nc6 14. Nc4 Nd4 15.
d3 Qg5 16. Bxd4 exd4 17. Qd2 Qxd2 18. Nxd2 Bh6 19. Nf3 Be3+ 20. Kh1 Be6 21. a4
b5 22. axb5 axb5 23. Ne5 Bd2 24. Nc6 Bc3 25. Ra7 Rxa7 26. Nxa7 Bd7 27. Rf6 Ra8
28. Ra6 Bc8 29. Ra2 Bb4 30. Bf3 Bc5 31. e5 Rxa7 32. Rxa7 Bxa7 33. Bc6 b4 34. Kg1
Kg7 35. h3 f6 36. exf6+ Kxf6 37. Kf2 Ke5 38. Kf3 Bc5 39. g4 Be6 40. Be8 Bd5+ 41.
Kf2 Kf4 42. Bd7 Be7 43. Be8 Bh4+ 44. Ke2 Bf3+ 45. Kd2 Kg3 46. Bf7 Kxh3 47. Bg8
h6 48. Bh7 g5 49. c4 c5 50. Bf5 Bxg4 51. Be4 Bf2 52. Ba8 Kg3 53. Be4 h5 54. Ba8
h4 55. Be4 h3 56. Ba8 h2 57. Kc2 Bf3 58. Bd5 h1=Q 59. Bxf3 Kxf3 60. Kb2 Qd1 61.
Ka2 Be1 62. Kb2 Bc3+ {White resigns} 0-1

[Event "Team 45 45 League T33"]
[Site "Internet Chess Club"]
[Date "2007.05.07"]
[Round "3"]
[White "Bort"]
[Black "Changuito-77"]
[Result "1-0"]
[WhiteElo "2043"]
[BlackElo "1804"]
[ECO "D30"]
[TimeControl "2700+45"]

1. d4 d5 2. c4 e6 3. Nf3 c5 4. cxd5 exd5 5. g3 Nc6 6. Bg2 Nf6 7. O-O Be7 8. Nc3
O-O 9. Bg5 cxd4 10. Nxd4 h6 11. Be3 Bg4 12. Qa4 Qd7 13. Nxd5 Nxd5 14. Bxd5 Nxd4
15. Qxd4 Rad8 16. Rfd1 Bxe2 17. Bxf7+ Rxf7 18. Qxd7 Rxd7 19. Rxd7 Bf3 20. Bxa7
Bf6 21. Rxf7 Kxf7 22. Rb1 Be4 23. Re1 Bd5 24. b3 Be7 25. f4 Ke8 {Black resigns}
1-0

[Event "Team 45 45 League T33"]
[Site "Internet Chess Club"]
[Date "2007.05.07"]
[Round "3"]
[White "rss"]
[Black "spirit87"]
[Result "0-1"]
[WhiteElo "1826"]
[BlackElo "2012"]
[ECO "C64"]
[TimeControl "2700+45"]

1. e4 e5 2. Nf3 Nc6 3. Bb5 Bc5 4. O-O Nf6 5. c3 O-O 6. d4 Be7 7. Re1 d6 8. Bxc6
bxc6 9. dxe5 dxe5 10. Qxd8 Rxd8 11. Nxe5 Nxe4 12. Nxc6 Bc5 13. Be3 Bxe3 14. fxe3
Rd7 15. Ne5 Rd5 16. Nf3 Rb8 17. c4 Rd3 18. b3 f6 19. Na3 Nc3 20. Nc2 c5 21. h3
Bf5 22. Na3 a6 23. Nb1 Ne4 24. g4 Bg6 25. Nh4 Ng5 26. Kg2 Be4+ 27. Kg3 Re8 28.
Ng2 Bxg2 29. Kxg2 Rexe3 30. Rxe3 Rxe3 31. Na3 Nxh3 32. Rd1 Nf4+ 33. Kf2 Re2+ 34.
Kf3 Rxa2 35. Kxf4 Rxa3 36. Rd8+ Kf7 37. Rb8 Kg6 38. b4 Rb3 39. b5 Rb4 40. bxa6
Rxb8 {White resigns} 0-1

[Event "Team 45 45 League T33"]
[Site "Internet Chess Club"]
[Date "2007.05.05"]
[Round "3"]
[White "Boromir"]
[Black "Thestorm"]
[Result "1/2-1/2"]
[WhiteElo "1924"]
[BlackElo "2126"]
[ECO "B52"]
[TimeControl "2700+45"]

1. e4 c5 2. Nf3 d6 3. Bb5+ Bd7 4. Bxd7+ Nxd7 5. O-O Ngf6 6. d3 g6 7. Nc3 Bg7 8.
Bd2 O-O 9. Qc1 Ng4 10. h3 Nge5 11. Nxe5 Nxe5 12. Bh6 e6 13. Bxg7 Kxg7 14. f4 Nc6
15. f5 gxf5 16. exf5 exf5 17. Rxf5 Nd4 18. Rh5 Qf6 19. Qd2 Rae8 20. Ne4 Qf4 21.
Qxf4 Ne2+ 22. Kf2 Nxf4 23. Rf5 d5 24. Rxf4 dxe4 25. Rxe4 Rxe4 26. dxe4 Rd8 27.
Ke3 c4 28. Rf1 Rd6 29. Rf2 Ra6 30. a3 c3 31. b3 Rxa3 32. Kd3 Ra6 33. Kxc3 Re6
34. Kd3 a6 35. Kd4 Rd6+ 36. Kc5 Rc6+ 37. Kd5 Rc8 38. c4 Rd8+ 39. Kc5 h6 40. Kb6
Rd7 41. Rf3 Kg6 42. c5 f6 43. c6 bxc6 44. Kxa6 Rd2 45. g4 Ra2+ 46. Kb6 Rc2 47.
Kc7 c5 48. Kd6 c4 49. b4 Rb2 50. Kc5 Rb3 51. Rf1 Rxh3 52. Kxc4 Re3 53. Kd5 Rb3
54. Kc5 Rc3+ 55. Kd5 Rb3 56. Kc5 Re3 {Game drawn by mutual agreement} 1/2-1/2

[Event "Team 45 45 League T33"]
[Site "Internet Chess Club"]
[Date "2007.05.06"]
[Round "3"]
[White "ETwoEFour"]
[Black "pokerram"]
[Result "1-0"]
[WhiteElo "1962"]
[BlackElo "1764"]
[ECO "B50"]
[TimeControl "2700+45"]

1. e4 c5 2. Nf3 d6 3. Bd3 Nc6 4. c3 g6 5. Bc2 Bg7 6. O-O Bg4 7. d3 Nf6 8. Nbd2
b5 9. h3 Bd7 10. Re1 e5 11. a4 b4 12. Nc4 Be6 13. Bb3 Qc7 14. Ng5 Bxc4 15. Bxc4
O-O 16. Bd2 bxc3 17. bxc3 Na5 18. Ba2 h6 19. Nf3 c4 20. Be3 cxd3 21. Qxd3 Qc6
22. Rab1 Nxe4 23. Bxh6 Nc5 24. Qxg6 {Black resigns} 1-0

[Event "Team 45 45 League T33"]
[Site "Internet Chess Club"]
[Date "2007.05.02"]
[Round "3"]
[White "JeCrainsDegun"]
[Black "quotha"]
[Result "1/2-1/2"]
[WhiteElo "1639"]
[BlackElo "1603"]
[ECO "C00"]
[TimeControl "2700+45"]

1. e4 e6 2. d3 Nc6 3. Nf3 Bc5 4. d4 Bb6 5. c3 h6 6. Be3 d5 7. e5 Nge7 8. Bd3 Nf5
9. Bd2 Nce7 10. g4 Nd6 11. exd6 Qxd6 12. Be3 c5 13. dxc5 Bxc5 14. Bxc5 Qxc5 15.
Nbd2 O-O 16. Qe2 Bd7 17. Nb3 Qc7 18. Qe5 Qb6 19. Qd4 Qd6 20. Ne5 Nc6 21. Nxc6
bxc6 22. f4 e5 23. fxe5 Rae8 24. O-O-O Rxe5 25. h3 Rc8 26. Nc5 Be8 27. Qf2 Rc7
28. Rde1 Rce7 29. Rxe5 Rxe5 30. Kd2 h5 31. Re1 hxg4 32. Rxe5 Qxe5 33. hxg4 Qb8
34. Kc2 f6 35. a3 Qd6 36. Bf5 g6 37. Be6+ Kg7 38. Qd4 Qh2+ 39. Kb3 Qb8+ 40. Ka2
Qd6 41. g5 Qe5 42. gxf6+ Kxf6 43. Qxe5+ Kxe5 44. Kb3 Kd6 45. Kc2 Kxc5 46. Kd3
Kd6 47. Bg4 c5 48. b4 Bb5+ 49. Ke3 cxb4 50. axb4 Ke5 51. Bc8 Ba4 52. Bg4 Bc2 53.
Bh3 Be4 54. Bg4 Kd6 55. Kd4 Bc2 56. Bf3 Bb3 57. Bg4 g5 58. Bh3 Bc4 59. Bg4 {Game
drawn by mutual agreement} 1/2-1/2

[Event "Team 45 45 League T33"]
[Site "Internet Chess Club"]
[Date "2007.05.02"]
[Round "3"]
[White "Ghashgork"]
[Black "Duguesclin"]
[Result "1/2-1/2"]
[WhiteElo "1680"]
[BlackElo "1670"]
[ECO "C01"]
[TimeControl "2700+45"]

1. e4 e6 2. d4 d5 3. exd5 exd5 4. Nf3 Nf6 5. Bd3 Bg4 6. O-O Be7 7. c3 O-O 8. Bg5
Nbd7 9. Nbd2 h6 10. Bxf6 Nxf6 11. Qc2 c5 12. dxc5 Bxc5 13. Nb3 Bb6 14. Nbd4 Rc8
15. Bf5 Bxf3 16. Nxf3 Rc7 17. Qd2 Ne4 18. Bxe4 dxe4 19. Qxd8 Rxd8 20. Nh4 g6 21.
Rad1 Rcd7 22. Rde1 Re7 23. Re2 Kg7 24. g3 e3 25. fxe3 Rxe3 26. Rxe3 Bxe3+ 27.
Kh1 Rd2 28. Ng2 Bc5 29. Rb1 b5 30. a3 Bf2 31. Nh4 Rc2 32. Nf3 a5 33. Ne5 b4 34.
cxb4 axb4 35. Nd3 bxa3 36. Nxf2 a2 37. Ra1 Rxb2 38. Kg2 f5 39. Kf3 g5 40. h3
Rb3+ 41. Ke2 Rxg3 42. Rxa2 Kg6 43. Ra1 f4 44. Rh1 h5 45. Kf1 Kf5 46. Rg1 Ra3 47.
Kg2 f3+ 48. Kg3 h4+ 49. Kh2 Ra2 50. Rf1 Kf4 51. Kg1 Re2 52. Ra1 Kg3 53. Rf1 Kf4
54. Ra1 Kg3 55. Rf1 {Game drawn by mutual agreement} 1/2-1/2

[Event "Team 45 45 League T33"]
[Site "Internet Chess Club"]
[Date "2007.05.04"]
[Round "3"]
[White "chessateer"]
[Black "kostasgr"]
[Result "1/2-1/2"]
[WhiteElo "1899"]
[BlackElo "2119"]
[ECO "B01"]
[TimeControl "2700+45"]

1. e4 d5 2. exd5 Qxd5 3. Nc3 Qa5 4. Bc4 Nf6 5. d3 c6 6. Bd2 Qc7 7. Nge2 Bg4 8.
f3 Bh5 9. Ng3 Bg6 10. Qe2 e6 11. O-O Bd6 12. f4 O-O 13. Nce4 Be7 14. f5 exf5 15.
Nxf5 Nxe4 16. dxe4 Bf6 17. Bf4 Qb6+ 18. Be3 Qxb2 19. Rab1 Qe5 20. Bd4 Qc7 21.
Bxf6 gxf6 22. h4 b5 23. Qg4 bxc4 24. h5 Nd7 25. Ne7+ Kg7 26. Nf5+ Kh8 27. hxg6
fxg6 28. Nd4 Ne5 29. Qe6 Kg7 30. Qxc4 Nxc4 31. Ne6+ Kh6 32. Nxc7 Rac8 33. Ne6
Rfe8 34. Rxf6 Rb8 35. Rxb8 Rxb8 36. g4 Rb1+ 37. Kf2 Ne5 38. g5+ Kh5 39. Kg3 Rg1+
40. Kf4 Ng4 41. e5 Rf1+ 42. Kg3 Nxf6 43. exf6 h6 44. Kg2 Rf5 45. Ng7+ Kxg5 46.
Nxf5 Kxf6 47. Nxh6 Ke5 48. Kf2 Kd4 49. Ng4 a5 50. Ke2 Kc3 51. Ne3 a4 52. Kd1 Kb2
53. Nc4+ Kxa2 54. Kc1 g5 55. Ne5 c5 56. c4 Kb3 57. Kb1 Kc3 58. Ka2 Kd4 59. Nf3+
Kxc4 60. Nxg5 Kd3 61. Nf3 Ke3 62. Ne5 Kd4 63. Nc6+ Kd3 64. Ka3 c4 65. Ne5+ Kc3
66. Nxc4 Kxc4 {Game drawn by mutual agreement} 1/2-1/2

[Event "Team 45 45 League T33"]
[Site "Internet Chess Club"]
[Date "2007.05.04"]
[Round "3"]
[White "Fegary"]
[Black "corsair"]
[Result "1-0"]
[WhiteElo "1817"]
[BlackElo "1783"]
[ECO "C78"]
[TimeControl "2700+45"]

1. e4 e5 2. Nf3 Nc6 3. Bb5 a6 4. Ba4 Nf6 5. O-O Bc5 6. c3 b5 7. Bb3 d6 8. a4 Bg4
9. h3 Bh5 10. d3 h6 11. g4 Bg6 12. Be3 O-O 13. Qd2 Bxe3 14. fxe3 Na5 15. Bc2 c5
16. Qf2 c4 17. Nbd2 Qc7 18. Nh4 cxd3 19. Bxd3 Nc4 20. Nxg6 fxg6 21. Nf3 d5 22.
exd5 Nxd5 23. Be4 Ncxe3 24. Rfe1 Rad8 25. axb5 axb5 26. Bxg6 Nf4 27. Qxe3 Nxg6
28. Ra7 Qc6 29. Nxe5 Nxe5 30. Qxe5 Qb6+ 31. Qe3 Qxe3+ 32. Rxe3 Rd1+ 33. Kg2 Rd2+
34. Kg3 g5 35. b3 Rf7 36. Ra6 Rb2 37. b4 Rc2 38. Rxh6 Kg7 39. Rb6 Rc7 40. Rxb5
R7xc3 41. Rxg5+ Kf6 42. Rxc3 Rxc3+ 43. Kh4 Rb3 44. b5 Rb4 45. Kh5 Rb3 46. h4 Rb4
47. Kh6 Kf7 48. h5 Rb1 49. Rf5+ Kg8 50. g5 Rd1 51. Rf6 Rd7 52. g6 Rb7 53. b6 Rb8
54. Kg5 Rb7 55. h6 Rd7 56. h7+ {Black resigns} 1-0

[Event "Team 45 45 League T33"]
[Site "Internet Chess Club"]
[Date "2007.05.05"]
[Round "3"]
[White "rippedmonkey"]
[Black "C-Jones"]
[Result "1-0"]
[WhiteElo "1784"]
[BlackElo "1624"]
[ECO "A20"]
[TimeControl "2700+45"]

1. c4 e5 2. g3 Nf6 3. Bg2 Bc5 4. e3 O-O 5. Nc3 c6 6. d4 exd4 7. exd4 Re8+ 8.
Nge2 Bb4 9. O-O d5 10. c5 Bg4 11. h3 Bxc3 12. hxg4 Ba5 13. Nf4 Qd7 14. f3 g5 15.
Nd3 h6 16. Ne5 Qd8 17. f4 gxf4 18. Bxf4 Kg7 19. Bxh6+ Kxh6 20. Nxf7+ Kg6 21.
Nxd8 {Black resigns} 1-0